 Dungeon Crawl Stone Soup version 0.23-a0-315-ga85b81c (webtiles) character file.

180687 TarVian the Hoplite (level 17, -16/150 HPs)
             Began as a Hill Orc Fighter on Oct 10, 2018.
             Was the Champion of Beogh (penitent).
             Splashed with acid (28 damage)
             ... on level 3 of the Pits of Slime on Oct 13, 2018.
             The game lasted 03:48:18 (28539 turns).

TarVian the Hoplite (Hill Orc Fighter)             Turns: 28539, Time: 03:48:19

Health: -16/150    AC: 35    Str: 28    XL:     17   Next: 58%
Magic:  22/22      EV:  9    Int: 10    God:    Beogh [*]
Gold:   416        SH: 27    Dex: 10    Spells: 16/16 levels left

rFire    . . .     SeeInvis .   C - +8 mace of Foajoy {vamp, Int+4}
rCold    + + +     Gourm    .   O - +3 large shield {AC+3}
rNeg     + + .     Faith    .   v - +2 plate armour "Vucel" {rElec rPois rF-}
rPois    +         Spirit   .   q - +1 helmet
rElec    +         Reflect  .   w - +0 cloak
rCorr    .         Harm     .   P - +0 pair of gloves (curse)
MR       ++...                  k - +0 pair of boots
Stlth    ..........             n - amulet "Eskial" {RegenMP *Contam rF+ Str+2}
HPRegen  0.35/turn              R - ring "Ecyawan" {*Slow rElec rC+++ rN++ MR+}
MPRegen  0.43/turn              Q - +5 ring of protection

@: no status effects
A: yellow scales 1, dopey 1
}: 2/15 runes: serpentine, barnacled
a: Renounce Religion


You were on level 3 of the Pits of Slime.
You worshipped Beogh.
Beogh was demanding penance.
You were not hungry.

You visited 5 branches of the dungeon, and saw 27 of its levels.
You visited 1 bazaar.

You collected 1844 gold pieces.
You spent 1428 gold pieces at shops.

Inventory:

Hand Weapons
 C - the +8 mace of Foajoy (weapon) {vamp, Int+4}
   (You found it on level 5 of the Dungeon)

   It inflicts no extra harm, but heals its wielder when it wounds a living foe.
   It affects your intelligence (+4).
 U - a +1 long sword of slicing
 Z - a +0 dire flail of draining
Missiles
 H - 3 throwing nets (quivered)
Armour
 j - a +0 plate armour
 k - a +0 pair of boots (worn)
 q - a +1 helmet (worn)
 v - the +2 plate armour "Vucel" (worn) {rElec rPois rF-}
   (You bought it in a shop on level 2 of the Shoals)

   It makes you vulnerable to fire.
   It insulates you from electricity.
   It protects you from poison.
 w - a +0 cloak (worn)
 B - a +0 large shield
 O - a +3 large shield of protection (worn)
 P - a cursed +0 pair of gloves (worn)
Jewellery
 c - the ring of Pyromania {rElec rF+ MP+9 Str+3}
   (You found it on level 3 of the Snake Pit)

   [ring of magical power]

   It affects your strength (+3).
   It protects you from fire.
   It insulates you from electricity.
   It affects your magic capacity (+9).
 n - the amulet "Eskial" (around neck) {RegenMP *Contam rF+ Str+2}
   (You acquired it on level 6 of the Dungeon)

   [amulet of magic regeneration]

   It increases your magic regeneration.
   It affects your strength (+2).
   It protects you from fire.
   It causes magical contamination when unequipped.
 J - an uncursed ring of magical power
 M - an uncursed ring of ice
 N - an uncursed ring of poison resistance
 Q - a +5 ring of protection (right hand)
 R - the ring "Ecyawan" (left hand) {*Slow rElec rC+++ rN++ MR+}
   (You found it on level 5 of the Lair of Beasts)

   [ring of protection from magic]

   It renders you almost immune to cold.
   It insulates you from electricity.
   It greatly protects you from negative energy.
   It affects your resistance to hostile enchantments.
   It may slow you when you take damage.
 Y - an uncursed amulet of regeneration
Wands
 h - a wand of polymorph (18)
 r - a wand of disintegration (20)
 u - a wand of random effects (52)
 A - a wand of digging (23)
 F - a wand of flame (19)
 T - a wand of acid (18)
 W - a wand of iceblast (36)
Scrolls
 e - 3 scrolls of identify
 l - 6 scrolls of teleportation
 m - 6 scrolls of fog
 p - 2 scrolls of blinking
 y - 10 scrolls of remove curse
 D - 3 scrolls of torment
 G - a scroll of vulnerability
 I - a scroll of magic mapping
 K - 2 scrolls of enchant weapon
 L - 2 scrolls of immolation
 V - a scroll of holy word
Potions
 a - a potion of invisibility
 d - 2 potions of might
 g - a potion of berserk rage
 o - 3 potions of brilliance
 s - 4 potions of lignification
 t - 4 potions of haste
 x - 8 potions of agility
 E - a potion of mutation
 S - 4 potions of flight
 X - 2 potions of ambrosia
Miscellaneous
 b - a phantom mirror
Comestibles
 i - 7 rations


   Skills:
 + Level 13.2 Fighting
 + Level 14.9 Maces & Flails
   Level 2.9(3.0) Slings
 + Level 0.6(1.9) Throwing
 + Level 13.1 Armour
 + Level 3.8 Dodging
 + Level 2.5 Stealth
 * Level 21.5 Shields
 + Level 6.8 Invocations
 + Level 2.1 Evocations


You had 16 spell levels left.
You didn't know any spells.
Your spell library contained the following spells:

 Spells                   Type           Power        Failure   Level  Hunger
 Beastly Appendage        Tmut           #.....       99%         1    ##.....
 Corona                   Hex            #......      99%         1    ##.....
 Freeze                   Ice            #...         99%         1    ##.....
 Infusion                 Chrm           #...         99%         1    ##.....
 Sandblast                Erth           #.....       99%         1    ##.....
 Sting                    Conj/Pois      #...         99%         1    ##.....
 Summon Butterflies       Summ           #.......     99%         1    ##.....
 Summon Small Mammal      Summ           #...         99%         1    ##.....
 Call Imp                 Summ           #.......     99%         2    ###....
 Passwall                 Tmut/Erth      #.......     99%         2    ###....
 Poisonous Vapours        Pois/Air       #.....       99%         2    ###....
 Shroud of Golubria       Chrm/Tloc      #.........   99%         2    ###....
 Slow                     Hex            #.......     99%         2    ###....
 Song of Slaying          Chrm           #.......     99%         2    ###....
 Sticks to Snakes         Tmut           #.......     99%         2    ###....
 Throw Frost              Conj/Ice       #.....       99%         2    ###....
 Call Canine Familiar     Summ           #.......     100%        3    ####...
 Confuse                  Hex            #.......     100%        3    ####...
 Ignite Poison            Fire/Tmut/Pois #.......     100%        3    ####...
 Inner Flame              Hex/Fire       #.......     100%        3    ####...
 Lesser Beckoning         Tloc           #.........   100%        3    ####...
 Mephitic Cloud           Conj/Pois/Air  #.......     100%        3    ####...
 Ozocubu's Armour         Chrm/Ice       #.......     100%        3    ####...
 Portal Projectile        Hex/Tloc       #.....       100%        3    ####...
 Regeneration             Chrm/Necr      #.........   100%        3    ####...
 Spectral Weapon          Hex/Chrm       #.......     100%        3    ####...
 Spider Form              Tmut/Pois      #.........   100%        3    ####...
 Stone Arrow              Conj/Erth      #.....       100%        3    ####...
 Summon Guardian Golem    Hex/Summ       #.......     100%        3    ####...
 Cause Fear               Hex            #.........   100%        4    #####..
 Ice Form                 Ice/Tmut       #.......     100%        4    #####..
 Leda's Liquefaction      Hex/Erth       #.........   100%        4    #####..
 Olgreb's Toxic Radiance  Pois           #.......     100%        4    #####..
 Petrify                  Tmut/Erth      #.......     100%        4    #####..
 Summon Ice Beast         Ice/Summ       #.......     100%        4    #####..
 Summon Lightning Spire   Summ/Air       #.......     100%        4    #####..
 Throw Icicle             Conj/Ice       #.......     100%        4    #####..
 Blade Hands              Tmut           #.........   100%        5    ######.
 Bolt of Magma            Conj/Fire/Erth #.........   100%        5    ######.
 Fireball                 Conj/Fire      #.........   100%        5    ######.
 Lee's Rapid Deconstruct  Erth           #.........   100%        5    ######.
 Summon Mana Viper        Hex/Summ       #.......     100%        5    ######.
 Venom Bolt               Conj/Pois      #.........   100%        5    ######.
 Bolt of Fire             Conj/Fire      #.........   100%        6    #######
 Dispersal                Tloc           #.........   100%        6    #######
 Iron Shot                Conj/Erth      #.........   100%        6    #######
 Statue Form              Tmut/Erth      #........    100%        6    #######
 Ring of Flames           Chrm/Fire      #.........   100%        7    #######
 Summon Hydra             Summ           #.........   100%        7    #######
 Discord                  Hex            #.........   100%        8    #######
 Ignition                 Fire           #.........   100%        8    #######
 Shatter                  Erth           #.........   100%        9    #######


Dungeon Overview and Level Annotations

Branches:
Dungeon (11/15)            Temple (0/1) D:6            Lair (5/6) D:11
 Shoals (4/4) Lair:4        Snake (4/4) Lair:4        Slime (3/5) Lair:5
    Orc (0/2) D:11

Altars:
Cheibriados
Fedhas
Gozag
Kikubaaqudgha
Nemelex Xobeh
Okawaru
Vehumet
Wu Jian
Xom
Yredelemnul
Beogh

Shops:
D:7 [[:*   D:8 !   Shoals:2 *   Snake:1 %   Snake:2 (

Annotations:
D:7 exclusion: 4 orange crystal statues
Shoals:4 Ilsuiw


Innate Abilities, Weirdness & Mutations

You are partially covered in yellow scales. (AC +2)
You are dopey. (Int -2)


Message History

Morguth freezes you.
A golden eye comes into view.
You're too confused!
Okay, then.
You are splashed with acid!
The walls burn you!
* * * LOW HITPOINT WARNING * * *
The slime creature hits you!
* * * LOW HITPOINT WARNING * * *
The golden eye blinks!
Two slime creatures merge to form a large slime creature.
The golden eye blinks at you. You resist with almost no effort.
A slime creature comes into view.
The wall burns Morguth!
Morguth hits you with an uncursed steaming halberd {freeze}!!
* * * LOW HITPOINT WARNING * * *
Morguth freezes you.
* * * LOW HITPOINT WARNING * * *
You feel better.
You are splashed with acid!
The walls burn you!
You die...

..> ...... ...... ....ยง.
......# .#....J##
#....G.J## #......@##
.#.....o.## ###
...........####.## ##
............##...###.##
#................##...###
##.....##............##.#
##..#. ##........#......
###.. ###............#
##. ##.#.......###


You could see Morguth the orc warlord, a large slime creature, a slime creature
and a golden eye.

Vanquished Creatures
  An acid blob (Slime:1)
  3 nagarajas (Snake:4)
  2 azure jellies (Slime:1)
  A stone giant (Shoals:2)
  4 merfolk impalers
  2 merfolk javelineers
  4 naga warriors
  Harold (D:11)
  3 anacondas
  A merfolk aquamancer (Shoals:4)
  A death yak (Lair:4)
  3 two-headed ogres
  6 naga sharpshooters
  A shock serpent (Snake:4)
  Sonja (D:11)
  A glowing orange brain (Slime:2)
  2 naga ritualists
  9 sea snakes
  3 harpies
  A cyclops (Shoals:1)
  A manticore (Shoals:4)
  2 fauns (Shoals:1)
  7 mana vipers
  An oklob plant (Lair:2)
  A salamander (Snake:4)
  A guardian serpent (Snake:4)
  2 water nymphs (Shoals:3)
  8 black mambas
  2 spiny frogs
  3 merfolk sirens
  12 naga magi
  A polar bear (Lair:5)
  9 merfolk
  5 wind drakes
  8 slime creatures
  3 snapping turtles
  5 blink frogs
  8 hippogriffs
  A dream sheep (Shoals:1)
  4 wraiths (D:11)
  Sigmund (D:3)
  6 water elementals
  25 yaks
  A basilisk (D:10)
  A hungry ghost (D:9)
  A steam dragon (D:9)
  A warg (D:11)
  18 nagas
  6 water moccasins
  8 porcupines
  3 sky beasts
  2 ice beasts (D:9)
  7 orc warriors
  A phantom (D:4)
  2 black bears
  4 ogres
  2 wolves
  4 centaurs (D:11)
  8 crocodiles
  A wyvern zombie (D:9)
  6 bullfrogs
  5 scorpions
  A wyvern skeleton (D:9)
  A water moccasin skeleton (D:8)
  4 wights (D:9)
  7 killer bees
  A howler monkey (D:7)
  2 electric eels (Snake:2)
  6 crimson imps
  A quasit (D:9)
  2 bullfrog zombies (D:8)
  6 hounds
  4 centaur skeletons
  6 orc priests
  4 bullfrog skeletons
  4 jellies
  6 orc wizards
  7 iguanas
  Natasha (thrice) (D:2)
  A hell rat (Lair:1)
  12 worker ants
  A hound zombie (D:6)
  3 hound skeletons
  Robin (D:3)
  2 howler monkey zombies (D:9)
  2 worker ant zombies
  19 adders
  3 gnolls (D:5)
  4 river rats (Lair:1)
  2 shadow imps
  2 oozes
  A worm (D:2)
  2 dart slugs
  7 leopard geckos
  17 orcs
  7 bats
  4 giant cockroaches
  9 goblins
  12 hobgoblins
  6 kobolds
  4 quokkas
  5 frilled lizards
  A jackal skeleton (D:9)
  7 rats
  A plant (D:11)
  3 tentacles (Shoals:3)
450 creatures vanquished.

Vanquished Creatures (collateral kills)
  3 acid blobs
  2 krakens
  The ghost of Qirul the Phalangite, an adept MfMo of Trog (Snake:3)
  The ghost of SFR the Severer, an adept HONe of Beogh (Shoals:1)
  5 nagarajas
  An azure jelly (Slime:2)
  The ghost of Heezod the Fighter, a journeyman MiBe of Trog (Shoals:2)
  2 stone giants (Shoals:2)
  The ghost of Raassib the Cleaver, a journeyman DDEE of Makhleb (Lair:2)
  A merfolk javelineer (Shoals:1)
  Snorg (Lair:3)
  Josephine (D:11)
  A great orb of eyes (Slime:2)
  7 merfolk impalers
  10 naga warriors
  A hydra (Lair:4)
  4 merfolk avatars
  11 merfolk aquamancers
  8 anacondas
  2 satyrs
  10 naga sharpshooters
  3 death yaks (Lair:4)
  A shock serpent (Snake:3)
  3 salamander mystics
  6 sea snakes
  8 naga ritualists
  13 harpies
  11 mana vipers
  3 shining eyes
  2 ugly things (D:11)
  12 manticores
  6 salamanders
  10 fauns
  6 merfolk sirens
  A cyclops (Shoals:2)
  14 naga magi
  4 water nymphs
  5 guardian serpents
  20 black mambas
  A spiny frog (Lair:5)
  5 komodo dragons
  37 merfolk
  2 wind drakes
  16 slime creatures
  5 dream sheep
  11 blink frogs
  6 hippogriffs
  5 snapping turtles
  28 yaks
  10 water elementals
  A wyvern (Lair:3)
  A wraith (D:11)
  A basilisk (Lair:5)
  7 golden eyes
  A steam dragon (D:11)
  Grum (Lair:1)
  A warg (D:11)
  25 nagas
  6 water moccasins
  3 orc warriors (D:10)
  3 porcupines
  2 eyes of draining
  11 wolves
  6 centaurs
  7 crocodiles
  3 bullfrogs
  A big kobold (D:11)
  A wyvern zombie (D:11)
  A scorpion (Lair:2)
  3 killer bees (D:11)
  2 electric eels (Snake:2)
  A centaur skeleton (D:9)
  An orc priest (D:11)
  A jelly (Lair:5)
  3 iguanas
  A hound zombie (D:9)
  4 river rats (Lair:1)
  An ooze (Lair:5)
  7 orcs
  A kobold (D:11)
  A quokka (D:11)
  2 frilled lizards (D:10)
  2 fungi
  6 plants
  A tentacle (Shoals:4)
447 creatures vanquished.

Vanquished Creatures (others)
  2 orc knights
  An orc sorcerer (D:11)
  A naga ritualist (Snake:4)
  3 orc warriors
  A sky beast (D:7)
  An orc wizard (D:10)
  A bullfrog (Lair:2)
  4 orc priests
  35 orcs
  A bush (Lair:5)
  2 fungi (Lair:5)
  22 plants
  15 tentacles
  A withered plant (D:7)
90 creatures vanquished.

Grand Total: 987 creatures vanquished

Notes
Turn   | Place    | Note
-------+----------+-------------------------------------------
     0 | D:1      | TarVian the Hill Orc Fighter began the quest for the Orb.
     0 | D:1      | Reached XP level 1. HP: 19/19 MP: 1/1
   226 | D:1      | Reached XP level 2. HP: 17/27 MP: 2/2
  1235 | D:2      | Reached XP level 3. HP: 32/33 MP: 3/3
  1317 | D:2      | Noticed Natasha
  1330 | D:2      | Killed Natasha
  1358 | D:2      | Reached XP level 4. HP: 21/40 MP: 4/4
  1359 | D:2      | Noticed Natasha
  1478 | D:2      | Killed Natasha
  1553 | D:2      | Noticed Natasha
  1571 | D:2      | Killed Natasha
  1571 | D:2      | Reached skill level 1 in Dodging
  1571 | D:2      | Reached skill level 4 in Shields
  1574 | D:2      | Reached XP level 5. HP: 16/46 MP: 5/5
  1935 | D:2      | Found a snail-covered altar of Cheibriados.
  2789 | D:3      | Noticed Sigmund
  2809 | D:3      | Killed Sigmund
  2809 | D:3      | Reached skill level 1 in Slings
  2809 | D:3      | Reached XP level 6. HP: 30/53 MP: 6/6
  3016 | D:3      | Noticed Robin
  3032 | D:3      | Killed Robin
  3555 | D:4      | Reached skill level 5 in Shields
  3555 | D:4      | Reached XP level 7. HP: 9/60 MP: 7/7
  4008 | D:4      | Reached skill level 5 in Fighting
  4247 | D:4      | Reached skill level 5 in Maces & Flails
  4575 | D:5      | Entered Level 5 of the Dungeon
  4575 | D:5      | Upgraded the game from 0.23-a0-307-gc3b755d to
                  | 0.23-a0-309-ge7838e6
  4677 | D:5      | Became a worshipper of Beogh the Brigand
  4847 | D:5      | Reached XP level 8. HP: 69/69 MP: 8/8
  5088 | D:5      | Found a shimmering altar of Xom.
  5331 | D:5      | Found a blossoming altar of Fedhas.
  5406 | D:5      | Got a polished mace
  5409 | D:5      | Identified the +8 mace of Foajoy {vamp, Int+4} (You found
                  | it on level 5 of the Dungeon)
  5463 | D:6      | Found a sparkling altar of Nemelex Xobeh.
  5492 | D:6      | Reached skill level 5 in Armour
  5492 | D:6      | Reached skill level 6 in Shields
  5493 | D:6      | Reached * piety under Beogh
  5551 | D:6      | Found a staircase to the Ecumenical Temple.
  5626 | D:6      | Found an iron altar of Okawaru.
  5633 | D:6      | Found a basalt altar of Yredelemnul.
  5704 | D:6      | Identified a scroll of acquirement
  5705 | D:6      | Got a scorched emerald amulet
  5706 | D:6      | Identified the amulet "Eskial" {RegenMP *Contam rF+ Str+2}
                  | (You acquired it on level 6 of the Dungeon)
  5807 | D:6      | Found an opulent altar of Gozag.
  6118 | D:7      | Found Xunic's Antique Armour Emporium.
  6181 | D:7      | Found Hymaowos's Assorted Antiques.
  6195 | D:7      | Bought 2 scrolls labeled VITUMOMPEP for 42 gold pieces
  6360 | D:7      | Found Mepawus's Book Shop.
  6460 | D:7      | Found Gilai's Antique Armour Shoppe.
  6469 | D:7      | Reached XP level 9. HP: 69/75 MP: 9/9
  6506 | D:7      | Reached ** piety under Beogh
  6511 | D:7      | Reached skill level 7 in Shields
  6647 | D:7      | Found an ancient bone altar of Kikubaaqudgha.
  6889 | D:7      | Found a runed door.
  6920 | D:7      | Found the +10 large shield of Ignorance {rN+ Int-4}
  6920 | D:7      | Noticed an orange crystal statue
  6920 | D:7      | Noticed an orange crystal statue
  6920 | D:7      | Noticed an orange crystal statue
  6920 | D:7      | Noticed an orange crystal statue
  7029 | D:7      | Found a runed door.
  7793 | D:8      | Found an ornate altar of the Wu Jian Council.
  7843 | D:8      | Noticed a two-headed ogre
  7851 | D:8      | Killed a two-headed ogre
  7851 | D:8      | Reached skill level 8 in Shields
  7862 | D:8      | Reached XP level 10. HP: 78/86 MP: 10/10
  7912 | D:8      | Noticed a two-headed ogre
  7925 | D:8      | Killed a two-headed ogre
  7925 | D:8      | Reached skill level 1 in Evocations
  8045 | D:8      | Found a radiant altar of Vehumet.
  8245 | D:8      | Found Fono's Distillery.
  8299 | D:8      | Bought a potion of haste for 120 gold pieces
  8724 | D:9      | Reached *** piety under Beogh
  8762 | D:9      | Reached skill level 9 in Shields
  8822 | D:9      | Reached skill level 10 in Maces & Flails
  9012 | D:9      | Reached XP level 11. HP: 95/95 MP: 12/12
  9134 | D:9      | Reached skill level 10 in Shields
  9272 | D:9      | Gained Boldo as an ally
  9381 | D:9      | Reached **** piety under Beogh
  9493 | D:10     | Entered Level 10 of the Dungeon
  9871 | D:10     | Found a roughly hewn altar of Beogh.
  9974 | D:10     | Got a polished flail
  9975 | D:10     | Identified the +1 flail of the Boar {venom, rPois Str-2
                  | Int+8} (You found it on level 10 of the Dungeon)
 10256 | D:11     | Reached skill level 1 in Stealth
 10423 | D:11     | Noticed Sonja
 10426 | D:11     | Killed Sonja
 10465 | D:11     | Found a staircase to the Lair.
 10486 | D:11     | Noticed Josephine
 10499 | D:11     | Reached skill level 11 in Shields
 10501 | D:11     | Killed Josephine
 10504 | D:11     | Your ally Boldo died
 10529 | D:11     | Reached ***** piety under Beogh
 10746 | D:11     | Noticed Harold
 10761 | D:11     | Killed Harold
 10821 | D:11     | Noticed a two-headed ogre
 10827 | D:11     | Killed a two-headed ogre
 10827 | D:11     | Reached XP level 12. HP: 106/106 MP: 13/13
 10971 | D:11     | Gained Orkrul as an ally
 10979 | D:11     | Reached skill level 12 in Shields
 11270 | D:11     | Found a staircase to the Orcish Mines.
 11492 | D:11     | Reached skill level 10 in Fighting
 11629 | Lair:1   | Entered Level 1 of the Lair of Beasts
 11900 | Lair:1   | Noticed Grum
 11911 | Lair:1   | Killed Grum
 12851 | Lair:2   | Upgraded the game from 0.23-a0-309-ge7838e6 to
                  | 0.23-a0-313-gf30bb39
 12933 | Lair:2   | Found a runed gate.
 13022 | Lair:2   | Reached skill level 13 in Shields
 13065 | Lair:2   | Found a runed gate.
 13065 | Lair:2   | Found a runed gate.
 13072 | Lair:2   | Noticed Raassib's ghost (journeyman DDEE)
 13089 | Lair:2   | Killed Raassib's ghost
 13705 | Lair:3   | Noticed Snorg
 13718 | Lair:3   | Killed Snorg
 14121 | Lair:3   | Reached XP level 13. HP: 113/113 MP: 14/14
 14267 | Lair:4   | Found a staircase to the Shoals.
 14372 | Lair:4   | Reached skill level 14 in Shields
 14516 | Lair:4   | Reached ****** piety under Beogh
 14639 | Lair:4   | Gained Morguth as an ally
 14686 | Lair:4   | Reached skill level 1 in Invocations
 14759 | Lair:4   | Found a staircase to the Snake Pit.
 14811 | Shoals:1 | Entered Level 1 of the Shoals
 14817 | Shoals:1 | Reached skill level 10 in Armour
 15271 | Shoals:1 | Noticed a merfolk impaler
 15282 | Shoals:1 | Killed a merfolk impaler
 15491 | Shoals:1 | Found a flickering gateway to a bazaar.
 15511 | Shoals:1 | Your ally Orkrul died
 15521 | Shoals:1 | Gained Beowulf as an ally
 15543 | Bazaar   | Entered a bazaar
 15543 | Bazaar   | Found Duleynki's Antique Armour Shop.
 15547 | Bazaar   | Found Suran's General Store.
 15569 | Bazaar   | Bought a large shield for 121 gold pieces
 15574 | Bazaar   | Found Ymyod's Antique Weapon Shop.
 15582 | Bazaar   | Bought a steaming halberd for 333 gold pieces
 15837 | Shoals:1 | Found a large runed door.
 15837 | Shoals:1 | Found a large runed door.
 15840 | Shoals:1 | Noticed a merfolk javelineer
 15857 | Shoals:1 | Killed a merfolk javelineer
 16036 | Shoals:1 | Reached skill level 15 in Shields
 16162 | Shoals:1 | Noticed SFR's ghost (adept HONe)
 16179 | Shoals:1 | Killed SFR's ghost
 16687 | Shoals:2 | Noticed a merfolk impaler
 16695 | Shoals:2 | Killed a merfolk impaler
 16708 | Shoals:2 | Reached XP level 14. HP: 72/124 MP: 15/15
 16722 | Shoals:2 | Found Gucwuhaa's Assorted Antiques.
 16738 | Shoals:2 | Your ally Beowulf died
 16869 | Shoals:2 | Bought a scroll labeled NIHAM CYQEO for 28 gold pieces
 17024 | Snake:1  | Entered Level 1 of the Snake Pit
 17240 | Snake:1  | Found Okyirou's Food Shop.
 17259 | Snake:1  | Reached skill level 16 in Shields
 18183 | Snake:2  | Noticed a nagaraja
 18199 | Snake:2  | Killed a nagaraja
 18250 | Snake:2  | Found Umazing's Antique Weapon Boutique.
 19569 | Snake:3  | Reached skill level 17 in Shields
 19576 | Snake:3  | Reached skill level 5 in Invocations
 19601 | Snake:3  | Found a runed door.
 19602 | Snake:3  | Noticed Qirul's ghost (adept MfMo)
 19675 | Snake:3  | Killed Qirul's ghost
 19730 | Snake:3  | Reached XP level 15. HP: 66/130 MP: 13/18
 19835 | Snake:3  | Got a crude pewter ring
 19840 | Snake:3  | Identified the ring of Pyromania {rElec rF+ MP+9 Str+3}
                  | (You found it on level 3 of the Snake Pit)
 20015 | Snake:3  | Noticed a nagaraja
 20028 | Snake:3  | Killed a nagaraja
 20580 | Snake:4  | Entered Level 4 of the Snake Pit
 20580 | Snake:4  | Noticed a nagaraja
 20585 | Snake:4  | Killed a nagaraja
 20808 | Snake:4  | Reached skill level 18 in Shields
 21377 | Snake:4  | Noticed a nagaraja
 21410 | Snake:4  | Killed a nagaraja
 21437 | Snake:4  | Noticed a nagaraja
 21881 | Snake:4  | Noticed a nagaraja
 21886 | Snake:4  | Reached XP level 16. HP: 139/139 MP: 20/20
 21888 | Snake:4  | Reached skill level 19 in Shields
 21892 | Snake:4  | Killed a nagaraja
 21898 | Snake:4  | Killed a nagaraja
 21956 | Snake:4  | Noticed a nagaraja
 21971 | Snake:4  | Killed a nagaraja
 22142 | Snake:4  | Noticed a nagaraja
 22151 | Snake:4  | Killed a nagaraja
 22165 | Snake:4  | Got a serpentine rune of Zot
 22508 | Shoals:2 | Bought a heavily runed plate armour for 784 gold pieces
 22518 | Shoals:2 | Identified the +2 plate armour "Vucel" {rElec rPois rF-}
                  | (You bought it in a shop on level 2 of the Shoals)
 23632 | Shoals:2 | Found a runed door.
 23632 | Shoals:2 | Noticed Heezod's ghost (journeyman MiBe)
 23659 | Shoals:2 | Killed Heezod's ghost
 23923 | Shoals:3 | Reached skill level 20 in Shields
 24096 | Shoals:3 | Found Joerph's Assorted Antiques.
 24145 | Shoals:3 | Noticed a kraken
 24178 | Shoals:3 | Killed a kraken
 24431 | Shoals:4 | Entered Level 4 of the Shoals
 24684 | Shoals:4 | Reached XP level 17. HP: 56/148 MP: 21/21
 24883 | Shoals:4 | Noticed Ilsuiw
 25574 | Shoals:4 | Noticed a kraken
 25589 | Shoals:4 | Killed a kraken
 25589 | Shoals:4 | Reached skill level 21 in Shields
 25594 | Shoals:4 | Got a barnacled rune of Zot
 26290 | Lair:5   | Found a staircase to the Slime Pits.
 26306 | Lair:5   | Identified the Guide on the Traveller and Hexes
 26405 | Lair:5   | Got a transparent steel ring
 26406 | Lair:5   | Identified the ring "Ecyawan" {*Slow rElec rC+++ rN++ MR+}
                  | (You found it on level 5 of the Lair of Beasts)
 26626 | Slime:1  | Entered Level 1 of the Pits of Slime
 26627 | Slime:1  | Noticed an acid blob
 26634 | Slime:1  | Killed an acid blob
 26644 | Slime:1  | Gained mutation: You are dopey. (Int -2) [a shining eye]
 26709 | Slime:1  | Noticed an acid blob
 26723 | Slime:1  | Killed an acid blob
 27601 | Slime:2  | Noticed an acid blob
 27957 | Slime:2  | Killed an acid blob
 28230 | Slime:2  | Noticed an acid blob
 28249 | Slime:2  | Killed an acid blob
 28389 | Slime:3  | Gained mutation: You are partially covered in yellow
                  | scales. (AC +2) [a shining eye]
 28495 | Slime:3  | Upgraded the game from 0.23-a0-313-gf30bb39 to
                  | 0.23-a0-315-ga85b81c
 28537 | Slime:3  | Was placed under penance by Beogh
 28538 | Slime:3  | HP: 4/150 [Morguth the orc warlord/uncursed steaming
                  | halberd {freeze} (25)]
 28539 | Slime:3  | Splashed with acid

Vault maps used:
D:1:      erik_arrival_cave_to_civilisation
D:2:      cheibriados_altar_1, uniq_natasha
D:3:      first_ration, minmay_misc_feat_alley, uniq_robin, uniq_sigmund
D:4:      minivault_11
D:5:      kennysheep_mini, lemuel_coloured_pillars_altar
D:6:      black_bear_nest_1, nemelex_altar_shiori,
          nicolae_overflow_hidden_temple, minitemple, minmay_temple_entry_grid
D:7:      kiku_gazebo_garden_becter, serial_shops, kennysheep_mini_moat,
          nicolae_shop_overgrown_old_shop, nicolae_shop_overgrown_old_shop,
          shop, roderic_cross_of_infinity, chequers_guarded_unrand_ignorance
D:8:      lemuel_round_altar, vehumet_crystals, serial_shops,
          nicolae_shop_window_shopping
D:9:      minmay_imperfect_grid
D:10:     special_room, minmay_lizard_king
D:11:     minmay_lair_entry_grove, david_orc_1_choice, grunt_ogre_cave,
          uniq_harold, uniq_sonja, uniq_josephine
Lair:1:   nicolae_lair_grove_arrangements, minivault_25, st_stairs_6,
          serial_bayou_pond_a, kennysheep_rathole, uniq_grum
Lair:2:   ebering_ghost_rock_garden, minmay_lair_oklob_chamber,
          serial_bayou_shore_b
Lair:3:   uniq_snorg
Lair:4:   elwin_shoals_entry_rocks, minmay_snake_entry_guardpost_small,
          st_stairs_11
Lair:5:   nicolae_slime_entry_slimehenge
Shoals:1: cheibrodos_shoals_baths, serial_shops, bzr_entry_gold,
          ebering_ghost_disaster_area
Shoals:2: serial_shops, shop, gammafunk_ghost_grave, hangedman_shoals_cup_caves
Shoals:3: serial_shops, shop
Shoals:4: shoals_end_hangedman, shoals_ilsuiw_alternative
Snake:1:  serial_shops, shop, nrook_guardian_serpent_double
Snake:2:  spider_trap, st_stairs_14, minmay_shop_grid_forest,
          serial_bayou_lake_a
Snake:3:  gammafunk_ghost_grave, serial_bayou_shore_a, grunt_megastairs_2
Snake:4:  snake_pit, st_stairs_9
Bazaar:   bazaar_jpeg_cross

Skill      XL: |  1  2  3  4  5  6  7  8  9 10 11 12 13 14 15 16 17 |
---------------+----------------------------------------------------+-----
Fighting       | 4 5 6 7 8 9 10 11 12 13 | 13.2
Maces & Flails | 3 4 5 7 8 10 11 12 13 14 | 14.9
Armour         | 4 5 6 7 8 9 10 11 12 13 | 13.1
Dodging        | 1 2 3 |  3.8
Shields        | 4 5 6 8 9 11 13 15 17 18 20 21 | 21.5
Slings         | 1 2 |  2.9
Evocations     | 1 2 |  2.1
Stealth        | 1 2 |  2.5
Invocations    | 1 5 6 |  6.8
Throwing       | |  0.6

Action                   |  1- 3 |  4- 6 |  7- 9 | 10-12 | 13-15 | 16-18 || total
-------------------------+-------+-------+-------+-------+-------+-------++-------
Melee: Flail             |    90 |   182 |       |       |       |       ||   272
       Mace              |       |    21 |   326 |   720 |   868 |   733 ||  2668
 Fire: Hunting sling     |       |    23 |    24 |       |       |       ||    47
Throw: Throwing net      |       |       |       |       |     2 |       ||     2
Invok: Convert to Beogh  |       |       |     1 |       |       |       ||     1
       Recall Orcish Fol |       |       |       |     2 |     7 |    10 ||    19
       Smiting           |       |       |       |     1 |    20 |    16 ||    37
       Give Item to Name |       |       |       |     1 |     1 |       ||     2
Evoke: Wand              |       |       |     4 |     3 |     4 |    12 ||    23
  Use: Scroll            |     4 |     2 |    11 |    12 |    13 |    11 ||    53
       Potion            |       |     2 |     4 |     1 |    13 |     8 ||    28
 Stab: Distracted        |       |       |     1 |     5 |     6 |     2 ||    14
  Eat: Chunk             |     2 |       |     2 |       |       |     3 ||     7
       Ration            |       |     2 |     5 |     9 |     7 |     6 ||    29
Armor: Scale mail        |    41 |    62 |       |       |       |       ||   103
       Skin              |       |    40 |       |       |    18 |       ||    58
       Chain mail        |       |       |   127 |       |       |       ||   127
       Plate armour      |       |       |    53 |   302 |   297 |   372 ||  1024
Dodge: Dodged            |    23 |    52 |    97 |   179 |   146 |   153 ||   650
Block: Shield            |    54 |   119 |   161 |   391 |    86 |       ||   811
       Large shield      |       |       |       |       |   810 |  1064 ||  1874

Table legend:
 A = Non-vault XP
 B = Vault XP
 C = Vault XP percentage of total XP
 D = Non-vault monster count
 E = Vault monster count
 F = Vault count percentage of total count
                 A         B        C        D         E       F
            +---------+---------+-------+---------+---------+-------
      Total |  149473 |   68652 |  31.5 |     670 |     216 |  24.4
            +---------+---------+-------+---------+---------+-------
        D:1 |      27 |       3 |  10.0 |      11 |       2 |  15.4
        D:2 |     159 |      35 |  18.0 |      25 |       1 |   3.8
        D:3 |     101 |     239 |  70.3 |      23 |       8 |  25.8
        D:4 |     442 |       0 |   0.0 |       7 |       0 |   0.0
        D:5 |     653 |       0 |   0.0 |      22 |       0 |   0.0
        D:6 |     382 |     124 |  24.5 |      17 |       1 |   5.6
        D:7 |    1182 |       0 |   0.0 |      24 |       0 |   0.0
        D:8 |    3260 |       0 |   0.0 |      26 |       0 |   0.0
        D:9 |    1960 |    1798 |  47.8 |      23 |      24 |  51.1
       D:10 |    1140 |     785 |  40.8 |       8 |      20 |  71.4
       D:11 |    3598 |    6160 |  63.1 |      34 |      26 |  43.3
     Lair:1 |    2802 |     621 |  18.1 |      20 |      14 |  41.2
     Lair:2 |    3099 |    1339 |  30.2 |      26 |       2 |   7.1
     Lair:3 |    2798 |     843 |  23.2 |      16 |       1 |   5.9
     Lair:4 |    4383 |     556 |  11.3 |      18 |       5 |  21.7
     Lair:5 |    5581 |     107 |   1.9 |      36 |       4 |  10.0
   Shoals:1 |   10727 |    2813 |  20.8 |      38 |       8 |  17.4
   Shoals:2 |   12406 |    6505 |  34.4 |      39 |      13 |  25.0
   Shoals:3 |   15098 |       0 |   0.0 |      39 |       0 |   0.0
   Shoals:4 |    6236 |   17267 |  73.5 |      25 |      35 |  58.3
    Snake:1 |   10725 |     272 |   2.5 |      34 |       1 |   2.9
    Snake:2 |   10254 |     620 |   5.7 |      25 |       1 |   3.8
    Snake:3 |   15963 |    2623 |  14.1 |      41 |       3 |   6.8
    Snake:4 |   18772 |   25942 |  58.0 |      49 |      47 |  49.0
    Slime:1 |    9215 |       0 |   0.0 |      25 |       0 |   0.0
    Slime:2 |    7642 |       0 |   0.0 |      14 |       0 |   0.0
    Slime:3 |     868 |       0 |   0.0 |       5 |       0 |   0.0
            +---------+---------+-------+---------+---------+-------
